 Dungeon Crawl Stone Soup version 0.28-a0-768-g8c92f1e708 (webtiles) character file.

Game seed: 5998636218549016177

346659 MirrMurr the Ninja (level 21, -8/107 HPs)
             Began as a Spriggan Enchanter on Oct 28, 2021.
             Was the Champion of Dithmenos.
             Mangled by an Ice Fiend (27 damage)
             ... summoned by a deep elf demonologist
             ... on level 3 of the Elven Halls on Oct 31, 2021.
             The game lasted 03:22:43 (79930 turns).

MirrMurr the Ninja (Spriggan Enchanter)            Turns: 79930, Time: 03:22:43

Health: -8/107     AC: 23    Str:  9    XL:     21   Next: 19%
Magic:  39/41      EV: 39    Int: 25    God:    Dithmenos [******]
Gold:   3784       SH: 11    Dex: 18    Spells: 14/50 levels left

rFire   . . .      SeeInvis +   a - +7 dagger (elec)
rCold   . . .      Faith    .   r - +2 buckler "Vuiss" {Rampage Int+6}
rNeg    . . .      Spirit   .   I - +3 steam dragon scales
rPois   +          Reflect  .   (helmet restricted)
rElec   .          Harm     .   H - +2 cloak {rPois}
rCorr   .          Rampage  +   (gloves unavailable)
Will    +++..                   (boots unavailable) Stlth ********++
                                (no amulet)
HPRegen 0.27/turn               Z - ring of the Tortoise {AC+8}
MPRegen 0.27/turn               G - +4 ring of protection

@: confusing by touch, wreathed by umbra, studying Long Blades, very quick
A: very small, no large weapons, unfitting armour, see invisible, speed 3
}: 2/15 runes: decaying, serpentine
a: Renounce Religion, Shadow Step, Shadow Form


You were on level 3 of the Elven Halls.
You worshipped Dithmenos.
Dithmenos was exalted by your worship.
You visited 8 branches of the dungeon, and saw 39 of its levels.
You also visited: Sewer.

You collected 5470 gold pieces.
You spent 1686 gold pieces at shops.

Inventory:

Hand Weapons
 a - a +7 dagger of electrocution (weapon)
 b - a +7 vampiric quick blade
 T - the +5 dagger of Cyckuom {vorpal, rPois rCorr Int+4}
   (You found it on level 11 of the Dungeon)

   It inflicts extra damage upon your enemies.
   Int:       It affects your intelligence (+4).
   rPois:     It protects you from poison.
   rCorr:     It protects you from acid and corrosion.
 Y - the +6 dagger of the Gloaming {vamp, rCorr Int+6}
   (You bought it in a shop on level 15 of the Dungeon)

   It occasionally heals its wielder for a portion of the damage dealt when it
   wounds a living foe.
   Int:       It affects your intelligence (+6).
   rCorr:     It protects you from acid and corrosion.
Missiles
 d - 1092 stones (quivered)
 y - 214 poisoned darts
 E - 9 curare-tipped darts
 K - 2 throwing nets
 M - 10 boomerangs
Armour
 l - a +2 cloak of willpower
 q - +0 acid dragon scales
 r - the +2 buckler "Vuiss" (worn) {Rampage Int+6}
   (You acquired it on level 1 of the Elven Halls)

   Int:       It affects your intelligence (+6).
   Rampage:   It bestows one free step when moving towards enemies.
 w - quicksilver dragon scales
 H - a +2 cloak of poison resistance (worn)
 I - +3 steam dragon scales (worn)
 O - +0 swamp dragon scales
Jewellery
 s - a ring of fire
 F - a ring of resist corrosion
 G - a +4 ring of protection (right hand)
 Q - a ring of flight
 S - the ring of Youthful Indiscretion {Will++ SInv}
   (You found it on level 11 of the Dungeon)

   [ring of see invisible]

   SInv:      It lets you see invisible.
   Will:      It greatly increases your willpower.
 Z - the ring of the Tortoise (left hand) {AC+8}
   (You found it on level 4 of the Lair of Beasts)

   [ring of protection]

   AC:        It affects your AC (+8).
Wands
 o - a wand of iceblast (81)
 t - a wand of flame (154)
 P - a wand of digging (8)
Scrolls
 f - 4 scrolls of fog
 g - 3 scrolls of magic mapping
 h - 5 scrolls of vulnerability
 i - 13 scrolls of identify
 j - 8 scrolls of fear
 n - 11 scrolls of teleportation
 x - 2 scrolls of enchant armour
 R - a scroll of summoning
 W - 6 scrolls of immolation
 X - 3 scrolls of enchant weapon
Potions
 c - 3 potions of invisibility
 e - 21 potions of curing
 k - 4 potions of flight
 m - 7 potions of lignification
 p - 2 potions of resistance
 u - 7 potions of brilliance
 v - 8 potions of mutation
 A - 4 potions of magic
 B - 3 potions of cancellation
 C - a potion of heal wounds
 D - 7 potions of haste
 J - 2 potions of ambrosia
 N - 4 potions of might
 V - a potion of berserk rage


   Skills:
 + Level 10.0 Fighting
 - Level 10.0 Short Blades
 + Level 26.3 Dodging
 O Level 27 Stealth
 - Level 9.2 Shields
 - Level 15.0 Spellcasting
 - Level 15.0 Hexes
 * Level 1.6 Translocations
 - Level 14.0 Invocations


You had 14 spell levels left.
You knew the following spells:

 Your Spells              Type           Power      Damage    Failure   Level
a - Ensorcelled Hibernat  Hex/Ice        100%       N/A       1%          2
b - Confusing Touch       Hex            76%        N/A       1%          3
c - Tukima's Dance        Hex            76%        N/A       1%          3
d - Dazzling Flash        Conj/Hex       100%       N/A       1%          3
e - Cause Fear            Hex            38%        N/A       1%          4
f - Dispel Undead         Necr           18%        3d11      28%         4
g - Discord               Hex            38%        N/A       38%         8
i - Invisibility          Hex            38%        N/A       1%          6
A - Apportation           Tloc           52%        N/A       1%          1
P - Passwall              Tmut/Erth      15%        N/A       4%          2

Your spell library contained the following spells:

 Spells                   Type           Power      Damage    Failure   Level
 Slow                     Hex            100%       N/A       0%          1
 Inner Flame              Hex/Fire       54%        N/A       1%          3
 Animate Skeleton         Necr           36%        N/A       3%          1
 Beastly Appendage        Tmut           36%        N/A       3%          1
 Pain                     Necr           72%        1d7       3%          1
 Shock                    Conj/Air       72%        1d7       3%          1
 Sting                    Tmut/Pois      72%        1d6       3%          1
 Summon Small Mammal      Summ           72%        N/A       3%          1
 Yara's Violent Unravell  Hex/Tmut       27%        3d12      3%          5
 Corpse Rot               Necr/Air       36%        N/A       4%          2
 Scorch                   Fire           36%        2d7       4%          2
 Sublimation of Blood     Necr           9%         N/A       4%          2
 Wereblood                Tmut           18%        N/A       4%          2
 Conjure Flame            Conj/Fire      18%        6-21      9%          3
 Frozen Ramparts          Ice            36%        1d5       9%          3
 Ignite Poison            Fire/Tmut/Pois 18%        N/A       9%          3
 Ozocubu's Armour         Ice            18%        N/A       9%          3
 Spider Form              Tmut/Pois      9%         N/A       9%          3
 Swiftness                Air            18%        N/A       9%          3
 Airstrike                Air            9%         N/A       28%         4
 Animate Dead             Necr           9%         N/A       28%         4
 Flame Wave               Conj/Fire      18%        3d5       28%         4
 Ice Form                 Ice/Tmut       18%        N/A       28%         4
 Sticky Flame             Conj/Fire      18%        2d4       28%         4
 Summon Ice Beast         Ice/Summ       18%        N/A       28%         4
 Summon Forest            Summ/Tloc      11%        N/A       52%         5
 Agony                    Necr           18%        N/A       63%         5
 Blade Hands              Tmut           9%         N/A       63%         5
 Borgnjor's Vile Clutch   Necr/Erth      9%         N/A       63%         5
 Excruciating Wounds      Necr           9%         N/A       63%         5
 Irradiate                Conj/Tmut      9%         3d17      63%         5
 Conjure Ball Lightning   Conj/Air       9%         3x3d6     99%         6
 Death Channel            Necr           9%         N/A       99%         6
 Eringya's Noxious Bog    Tmut/Pois      9%         N/A       99%         6
 Statue Form              Tmut/Erth      12%        N/A       99%         6
 Summon Cactus Giant      Summ           9%         N/A       99%         6
 Dragon Form              Tmut           9%         N/A       100%        7
 Malign Gateway           Summ/Tloc      11%        N/A       100%        7
 Ozocubu's Refrigeration  Ice            9%         4d6       100%        7
 Storm Form               Tmut/Air       9%         N/A       100%        7
 Summon Hydra             Summ           9%         N/A       100%        7
 Disjunction              Tloc           13%        N/A       100%        8
 Summon Horrible Things   Summ           9%         N/A       100%        8


Dungeon Overview and Level Annotations

Branches:
Dungeon (15/15)            Temple (1/1) D:7            Lair (6/6) D:11
  Swamp (4/4) Lair:4        Snake (4/4) Lair:3        Slime (0/5) Lair:6
    Orc (2/2) D:9             Elf (3/3) Orc:2        Vaults (4/5) D:14
  Crypt (0/3) Vaults:2     Depths (0/4) D:15          Sewer (visited)

Altars:
Ashenzari
Cheibriados
Dithmenos
Elyvilon
Fedhas
Gozag
Hepliaklqana
Kikubaaqudgha
Makhleb
Nemelex Xobeh
Okawaru
Qazlal
Ru
Sif Muna
Trog
Uskayaw
Vehumet
Wu Jian
Xom
Yredelemnul
Zin
The Shining One
Beogh

Shops:
D:9 *   D:10 (   D:14 *   D:15 (   Orc:2 [:[(*   Elf:3 :   Snake:1 ?
Vaults:2 *   Vaults:4 [

Portals:
Trove: D:11 (give +4 shadow dragon scales)

Annotations:
D:11 flight
Lair:5 2 transporters, Mioxy's ghost, journeyman MiBe
Elf:1 3 runed translucent doors !
Vaults:1 3 runed translucent doors, Veteran's ghost, adept DECj
Vaults:2 ! dig, exclusion: obsidian statue, Boris
Vaults:4 !


Innate Abilities, Weirdness & Mutations

You are very small and have problems with some larger weapons.
You are too small for most types of armour.
You have supernaturally acute eyesight. (SInv)
You cover ground extremely quickly. (Speed+++)


Message History

Your shadow hits the deep elf demonologist with a dagger.
The deep elf demonologist mumbles some strange words.
The Ice Fiend claws you but does no damage.
You block the Ice Fiend's attack.
You hit the deep elf demonologist but do no damage.
The deep elf demonologist is severely wounded.
Unknown command.
You hit the deep elf demonologist but do no damage.
The deep elf demonologist is severely wounded.
Your shadow hits the deep elf demonologist with a dagger.
The deep elf demonologist misses you. The Ice Fiend claws you.
The Ice Fiend freezes you!!
* * * LOW HITPOINT WARNING * * *
You block the Ice Fiend's attack.
You block the Brimstone Fiend's attack. x2
The Brimstone Fiend hits you but does no damage.
Unknown command.
You feel much better.
The deep elf demonologist completely misses you.
You block the Brimstone Fiend's attack.
The Brimstone Fiend completely misses you.
You block the Brimstone Fiend's attack.
The Ice Fiend calls on the powers of darkness!
Your body is wracked with pain!
* * * LOW HITPOINT WARNING * * *
You emit a cloud of dark smoke.
The deep elf demonologist convulses!
You hit the deep elf demonologist but do no damage.
The deep elf demonologist is almost dead.
Your shadow hits the deep elf demonologist with a dagger.
You closely miss the deep elf demonologist.
The deep elf demonologist is almost dead.
Your shadow hits the deep elf demonologist with a dagger.
The deep elf demonologist drinks a potion.
The deep elf demonologist seems to grow stronger.
The Brimstone Fiend completely misses you.
The Brimstone Fiend closely misses you.
The Brimstone Fiend completely misses you.
The Ice Fiend claws you.
* * * LOW HITPOINT WARNING * * *
The Ice Fiend freezes you!!
You die...

,,,,*#...........#*,,,,,,,,,,,*#.
,,***###.......###***,,,,,,,***#.
,** ##...).## **,,,,,** #. **
###.### ***,*** #. #.# *** #. ###
#.#### ###### #. #.# #))#§##
##.#.## #. #.# #..†1e###.##.## #.
#.# #.####@§§....#* #. #.# #.#
#11§....# #. #.# #.#
#§§§....#########.
#.####.####..#..............
#........................###
######..................####
##########.............
##########.### #.##)


You could see 2 Brimstone Fiends, an Ice Fiend (summoned) and a deep elf
demonologist (strong).

Vanquished Creatures
  A dread lich (Vaults:3)
  Nikola (Swamp:1)
  A tentacled monstrosity (Swamp:2)
  The ghost of generaletaddeo the Lord of Darkness, an adept HOSu of Kikubaaqudgha (Snake:4)
  A quicksilver dragon (Vaults:3)
  3 sphinxes
  A shadow dragon (Vaults:3)
  Kirke (Swamp:1)
  2 tengu reavers (Vaults:3)
  2 thorn hunters
  A storm dragon (Vaults:4)
  Roxanne (Elf:2)
  Donald (Swamp:4)
  A nagaraja (Snake:4)
  A fenstrider witch (Swamp:4)
  10 vault wardens
  A deep elf sorcerer (Elf:1)
  2 frost giants (Vaults:3)
  Aizul (Snake:1)
  A ghost moth (Vaults:3)
  A deep elf elementalist (Elf:1)
  Louise (Swamp:4)
  4 orc warlords
  10 ironbound preservers
  2 stone giants
  5 war gargoyles
  2 very ugly things (Vaults:3)
  Azrael (D:15)
  7 deep elf demonologists
  The ghost of edvl the Unseen, a journeyman SpEn of Dithmenos (Lair:6)
  2 bunyips
  3 deep elf annihilators
  8 dire elephants
  An eidolon (Vaults:2)
  A deep elf death mage (Elf:1)
  A crystal guardian (Vaults:4)
  4 ettins
  7 eleionomae
  2 great orbs of eyes
  A jiangshi (Vaults:2)
  7 yaktaur captains
  2 deep elf high priests
  A fire dragon (Elf:1)
  21 hydras
  5 peacekeepers
  4 boulder beetles
  2 shambling mangroves
  8 vault guards
  4 ironbound thunderhulks
  20 naga warriors
  A salamander tyrant (Snake:4)
  2 death knights (D:15)
  3 catoblepae (Lair:6)
  9 anacondas
  3 two-headed ogres
  An anaconda (shapeshifter) (Elf:3)
  3 ghost crabs (Swamp:3)
  11 centaur warriors
  6 ironbound frosthearts
  5 alligators
  2 tengu warriors (D:14)
  6 death yaks (Lair:6)
  An orc high priest (Orc:2)
  17 naga sharpshooters
  Nergalle (Lair:4)
  8 shock serpents
  19 deep elf knights
  5 salamander mystics
  An iron troll (shapeshifter) (Vaults:3)
  7 goliath frogs
  2 skeletal warriors (Vaults:2)
  25 deep trolls
  8 swamp dragons
  A flayed ghost (Vaults:3)
  A death drake (Swamp:3)
  7 naga ritualists
  10 wizards
  13 ironbound convokers
  9 lindwurms
  9 orc knights
  2 spriggan druids (Swamp:4)
  2 phantasmal warriors (Vaults:3)
  Pikel (D:7)
  A bog body (Swamp:3)
  25 deep elf zephyrmancers
  12 deep elf archers
  9 harpies (Vaults:1)
  12 mana vipers
  27 deep elf pyromancers
  9 orc sorcerers
  6 cyclopes
  34 ugly things
  14 salamanders
  5 will-o-the-wisps
  An orb spider (shapeshifter) (Elf:1)
  4 manticores
  21 elephants
  A cyclops (shapeshifter) (Vaults:3)
  A faun (shapeshifter) (Vaults:3)
  14 vault sentinels
  11 guardian serpents
  47 black mambas
  An eye of devastation (Lair:6)
  A molten gargoyle (D:15)
  8 cane toads
  31 naga magi
  2 gargoyles (D:12)
  Maggie (D:7)
  An unseen horror (shapeshifter) (D:13)
  An unseen horror (D:6)
  22 yaktaurs
  4 kobold demonologists
  3 rime drakes (Lair:4)
  8 komodo dragons
  A tengu conjurer (D:14)
  9 trolls
  A bloated husk (Swamp:4)
  2 polar bears (Lair:6)
  13 blink frogs
  9 hornets
  10 tyrant leeches
  40 slime creatures
  5 dream sheep (Lair:6)
  A dream sheep (shapeshifter) (D:13)
  3 shadows
  9 spriggans
  48 yaks
  An air elemental (Elf:1)
  2 wyverns
  5 fire elementals
  2 water elementals (Elf:1)
  3 wraiths
  7 basilisks
  34 dancing weapons
  A yak (shapeshifter) (D:13)
  A hog (Swamp:2)
  2 basilisks (shapeshifter) (D:14)
  12 vampire mosquitoes
  A steam dragon (D:8)
  7 chaos spawn
  19 swamp worms
  11 wargs
  5 acid dragons
  53 nagas
  5 hell hounds (D:15)
  12 water moccasins
  A floating eye (Lair:6)
  13 orc warriors
  2 ice beasts
  11 swamp drakes
  2 sky beasts
  2 necrophages (D:6)
  2 black bears
  8 ogres
  7 centaurs
  A tengu (shapeshifter) (D:14)
  A phantom (D:6)
  22 wolves
  5 bullfrogs
  8 kobold brigands
  A gnoll sergeant (D:9)
  2 scorpions (D:5)
  3 earth elementals
  2 water moccasin zombies (D:5)
  7 killer bees
  7 electric eels
  2 howler monkeys (D:10)
  A gnoll shaman (D:9)
  2 centaur zombies
  10 orc priests
  5 hounds
  A bullfrog skeleton (D:5)
  A centaur skeleton (D:5)
  3 jellies
  3 iguanas
  Crazy Yiuf (D:2)
  45 orc wizards
  A howler monkey zombie (D:10)
  8 gnolls (D:9)
  10 adders
  A shadow imp (D:6)
  An ufetubus (D:5)
  3 worms
  A dart slug (D:2)
  91 orcs
  4 bats
  7 endoplasms
  3 giant cockroaches
  8 goblins
  3 hobgoblins
  8 jackals (D:1)
  27 kobolds
  6 quokkas
  7 ball pythons
  3 frilled lizards
  9 rats
1426 creatures vanquished.

Vanquished Creatures (collateral kills)
  A vault guard (Vaults:3)
  A spriggan (Swamp:3)
  A naga (Snake:1)
  An orc warrior (D:15)
  A howler monkey zombie (D:9)
  3 orcs
  5 kobolds
13 creatures vanquished.

Vanquished Creatures (others)
  A bloated husk (Swamp:1)
  2 hornets (Swamp:1)
  9 dancing weapons
  An orc wizard (Orc:2)
  25 foxfires
  30 fungi
  57 plants
125 creatures vanquished.

Grand Total: 1564 creatures vanquished

Notes
Turn   | Place    | Note
-------+----------+-------------------------------------------
     0 | D:1      | MirrMurr the Spriggan Enchanter began the quest for the
                  | Orb.
     0 | D:1      | Reached XP level 1. HP: 9/9 MP: 5/5
   268 | D:1      | Reached XP level 2. HP: 13/13 MP: 6/6
   271 | D:1      | Learned a level 2 spell: Ensorcelled Hibernation
   289 | D:1      | Reached skill level 5 in Stealth
   725 | D:1      | Noticed an eye of devastation
   727 | D:1      | Found a faded altar of an unknown god.
   729 | D:1      | Noticed a great orb of eyes
   729 | D:1      | Noticed a shining eye
   729 | D:1      | Noticed a great orb of eyes
  1543 | D:2      | Reached XP level 3. HP: 6/16 MP: 0/8
  2276 | D:2      | Found a runed translucent door.
  2277 | D:2      | Noticed Crazy Yiuf
  2285 | D:2      | Killed Crazy Yiuf
  2286 | D:2      | Reached skill level 6 in Stealth
  2286 | D:2      | Reached XP level 4. HP: 21/21 MP: 4/9
  4116 | D:4      | Reached skill level 7 in Stealth
  4116 | D:4      | Reached XP level 5. HP: 23/24 MP: 7/10
  4122 | D:4      | Learned a level 3 spell: Confusing Touch
  4126 | D:4      | Learned a level 3 spell: Tukima's Dance
  4393 | D:4      | Found a glowing golden altar of the Shining One.
  5081 | D:5      | Entered Level 5 of the Dungeon
  5086 | D:5      | Noticed an ogre
  5184 | D:5      | Noticed an ogre
  5265 | D:5      | Noticed an ogre
  5287 | D:4      | Reached skill level 8 in Stealth
  5287 | D:4      | Reached XP level 6. HP: 9/28 MP: 3/11
  5537 | D:5      | Reached skill level 5 in Short Blades
  5569 | D:5      | Reached skill level 5 in Hexes
  5681 | D:5      | Reached XP level 7. HP: 32/32 MP: 10/14
  6804 | D:6      | Found a glowing drain.
  6849 | Sewer    | Entered a sewer
  7109 | Sewer    | Reached skill level 1 in Fighting
  7109 | Sewer    | Reached XP level 8. HP: 37/37 MP: 12/15
  7536 | D:6      | Found a burning altar of Makhleb.
  7539 | D:6      | Reached skill level 5 in Dodging
  7774 | D:6      | Found a basalt altar of Yredelemnul.
  7776 | D:6      | Noticed an unseen horror
  7784 | D:6      | Killed an unseen horror
  8466 | D:6      | Reached XP level 9. HP: 45/45 MP: 13/16
  8470 | D:6      | Learned a level 3 spell: Dazzling Flash
  8772 | D:7      | Reached skill level 1 in Shields
  8823 | D:7      | Found a staircase to the Ecumenical Temple.
  8835 | Temple   | Entered the Ecumenical Temple
  9067 | Temple   | Became a worshipper of Dithmenos the Shadowed
  9155 | D:7      | Noticed Maggie
  9165 | D:7      | Killed Maggie
  9339 | D:7      | Noticed Pikel
  9366 | D:7      | Killed Pikel
  9367 | D:7      | Reached skill level 9 in Stealth
  9478 | D:7      | Noticed a troll
  9503 | D:7      | Killed a troll
  9991 | D:8      | Found a shimmering altar of Xom.
  9992 | D:8      | Found the +7 mace of Variability {chain chaos}
 10331 | D:8      | Reached XP level 10. HP: 48/49 MP: 17/17
 10388 | D:8      | Noticed a two-headed ogre
 10421 | D:7      | Killed a two-headed ogre
 10422 | D:7      | Reached skill level 10 in Stealth
 10777 | D:8      | Reached * piety under Dithmenos
 11036 | D:8      | Reached skill level 10 in Dodging
 11161 | D:8      | Reached skill level 5 in Shields
 11862 | D:9      | Noticed a two-headed ogre
 11868 | D:9      | Killed a two-headed ogre
 11869 | D:9      | Reached skill level 11 in Stealth
 11878 | D:9      | Found Goxyvy's General Store.
 11890 | D:9      | Bought a +2 cloak of poison resistance for 259 gold pieces
 11890 | D:9      | Bought a scroll of teleportation for 42 gold pieces
 12110 | D:9      | Reached ** piety under Dithmenos
 12821 | D:9      | Reached XP level 11. HP: 53/53 MP: 18/18
 12892 | D:9      | Found a staircase to the Orcish Mines.
 13829 | D:10     | Entered Level 10 of the Dungeon
 13906 | D:10     | Reached *** piety under Dithmenos
 14095 | D:10     | Reached skill level 12 in Stealth
 14131 | D:10     | Learned a level 2 spell: Passwall
 14722 | D:10     | Noticed a sun demon
 14826 | D:10     | Found Wekloh's Weapon Shop.
 15552 | D:11     | Noticed a two-headed ogre
 15556 | D:11     | Killed a two-headed ogre
 15590 | D:11     | Reached skill level 5 in Spellcasting
 15821 | D:11     | Identified the ring of Youthful Indiscretion {Will++ SInv}
 15825 | D:11     | Found a staircase to the Lair.
 15858 | D:11     | Identified the +5 dagger of Cyckuom {vorpal, rPois rCorr
                  | Int+4}
 16666 | D:11     | Found a portal to a secret trove of treasure.
 16743 | D:11     | Learned a level 4 spell: Cause Fear
 16875 | D:12     | Reached skill level 5 in Fighting
 16884 | D:12     | Reached **** piety under Dithmenos
 16907 | D:12     | Noticed a six-headed hydra
 16911 | D:12     | Killed a six-headed hydra
 16924 | D:12     | Found a frozen archway.
 17230 | D:12     | Noticed a boulder beetle
 17239 | D:12     | Killed a boulder beetle
 17307 | D:12     | Noticed a five-headed hydra
 17343 | D:12     | Killed a five-headed hydra
 17344 | D:12     | Reached XP level 12. HP: 54/61 MP: 13/22
 17351 | D:12     | Learned a level 6 spell: Invisibility
 19174 | D:13     | Noticed a boulder beetle
 19180 | D:13     | Killed a boulder beetle
 19429 | D:13     | Reached skill level 10 in Hexes
 19458 | D:13     | Noticed a boulder beetle
 19465 | D:13     | Killed a boulder beetle
 19466 | D:13     | Reached skill level 10 in Short Blades
 19809 | D:13     | Reached skill level 1 in Invocations
 20279 | Lair:1   | Entered Level 1 of the Lair of Beasts
 20570 | Lair:1   | Reached skill level 13 in Stealth
 21760 | Lair:2   | Reached ***** piety under Dithmenos
 21764 | Lair:2   | Reached XP level 13. HP: 65/65 MP: 18/23
 21846 | Lair:2   | Reached skill level 14 in Stealth
 22287 | Lair:2   | Identified the +2 leather armour of Ashenzari's Fury {rC-
                  | rN++ Int+9 Slay-4}
 22466 | Lair:3   | Identified the +7 scimitar of the Inferno {vorpal, rElec
                  | rF+}
 22532 | Lair:3   | Reached skill level 5 in Invocations
 22917 | Lair:3   | Found a staircase to the Snake Pit.
 23577 | Lair:4   | Noticed Nergalle
 23580 | Lair:4   | Killed Nergalle
 24205 | Lair:4   | Found the ring of the Tortoise {AC+8}
 24602 | Lair:4   | Found a staircase to the Swamp.
 24708 | Lair:4   | Reached skill level 15 in Stealth
 25408 | Lair:5   | Found a transporter.
 25408 | Lair:5   | Noticed Mioxy's ghost (journeyman MiBe)
 25640 | Lair:5   | Reached skill level 15 in Dodging
 25814 | Lair:5   | Found a transporter.
 26220 | Lair:6   | Entered Level 6 of the Lair of Beasts
 26332 | Lair:6   | Found a staircase to the Slime Pits.
 26628 | Lair:6   | Noticed edvl's ghost (journeyman SpEn)
 26632 | Lair:6   | Found a runed translucent door.
 26711 | Lair:6   | Reached XP level 14. HP: 62/70 MP: 24/24
 26895 | Lair:6   | Upgraded the game from 0.28-a0-728-g0181a31188 to
                  | 0.28-a0-732-g75e6d9beac
 26918 | Lair:6   | Reached ****** piety under Dithmenos
 27596 | Lair:6   | Reached skill level 16 in Stealth
 28273 | Lair:6   | Killed edvl's ghost
 28780 | D:14     | Found a gate to the Vaults.
 28905 | D:14     | Reached skill level 17 in Stealth
 29272 | D:14     | Found Zin's Purification Station.
 29275 | D:14     | Found a glowing silver altar of Zin.
 29491 | D:15     | Entered Level 15 of the Dungeon
 29530 | D:15     | Found Maycketz's Antique Weapon Shoppe.
 30241 | D:15     | Bought a slimy dagger for 238 gold pieces
 30241 | D:15     | Identified the +6 dagger of the Gloaming {vamp, rCorr
                  | Int+6} (You bought it in a shop on level 15 of the Dungeon)
 30241 | D:15     | Bought a runed dagger for 170 gold pieces
 30289 | D:15     | Reached XP level 15. HP: 43/77 MP: 19/25
 30599 | D:15     | Found a staircase to the Depths.
 31204 | D:15     | Noticed Azrael
 31534 | D:15     | Killed Azrael
 31904 | Orc:1    | Entered Level 1 of the Orcish Mines
 31971 | Orc:1    | Reached skill level 10 in Invocations
 32277 | Orc:2    | Entered Level 2 of the Orcish Mines
 32402 | Orc:1    | Found a shimmering blue altar of Sif Muna.
 32481 | Orc:1    | Reached skill level 18 in Stealth
 33502 | Orc:2    | Found a staircase to the Elven Halls.
 33826 | Orc:2    | Found Cijifropn's Armour Shoppe.
 33908 | Orc:2    | Found Cyppiot's Book Boutique.
 33967 | Orc:2    | Found Rymauchi's CLEARANCE SALE!.
 34041 | Orc:2    | Found Keiwel's Weapon Boutique.
 34041 | Orc:2    | Found Qinaoschy's Armour Shoppe.
 34397 | Swamp:1  | Entered Level 1 of the Swamp
 35167 | Swamp:1  | Noticed Nikola
 35169 | Swamp:1  | Killed Nikola
 35436 | Swamp:1  | Identified a scroll of acquirement
 35438 | Swamp:1  | Acquired a +7 quick blade
 36247 | Swamp:2  | Noticed a tentacled monstrosity
 36248 | Swamp:2  | Noticed Kirke
 36250 | Swamp:2  | Killed a tentacled monstrosity
 36533 | Swamp:1  | Killed Kirke
 38833 | Swamp:3  | Noticed a thorn hunter
 39174 | Swamp:2  | Reached skill level 19 in Stealth
 39417 | Swamp:3  | Reached XP level 16. HP: 77/84 MP: 19/26
 39580 | Swamp:2  | Killed a thorn hunter
 41024 | Swamp:4  | Entered Level 4 of the Swamp
 41079 | Swamp:4  | Noticed a thorn hunter
 41615 | Swamp:4  | Noticed Louise
 42256 | Swamp:4  | Noticed a thorn hunter
 42528 | Swamp:4  | Killed a thorn hunter
 43233 | Swamp:4  | Noticed Donald
 44171 | Swamp:4  | Killed Louise
 44191 | Swamp:4  | Killed Donald
 44307 | Swamp:4  | Got a decaying rune of Zot
 44461 | Lair:3   | Upgraded the game from 0.28-a0-732-g75e6d9beac to
                  | 0.28-a0-751-gef3a642a4e
 44462 | Snake:1  | Entered Level 1 of the Snake Pit
 45148 | Snake:1  | Reached skill level 20 in Stealth
 45404 | Snake:1  | Noticed Aizul
 45517 | Lair:3   | Reached skill level 10 in Fighting
 45739 | Snake:1  | You are sucked into a shaft and drop 1 floor!
 46150 | Snake:1  | Killed Aizul
 46151 | Snake:1  | Reached skill level 15 in Hexes
 46472 | Snake:1  | Found Livvut's Magic Scroll Shoppe.
 47611 | Snake:2  | Reached XP level 17. HP: 89/89 MP: 27/27
 49863 | Snake:2  | Reached skill level 21 in Stealth
 49966 | Snake:3  | Identified the +6 hand crossbow of the Genius {flame,
                  | Int+3}
 51531 | Snake:3  | Identified the +2 pair of gloves "Feoh" {Str+2 Int+2}
 52038 | Snake:4  | Entered Level 4 of the Snake Pit
 52715 | Snake:4  | Reached skill level 22 in Stealth
 53901 | Snake:4  | Found a runed translucent gate.
 54617 | Snake:4  | Found a runed translucent gate.
 54643 | Snake:4  | Found a runed translucent gate.
 54643 | Snake:4  | Noticed generaletaddeo's ghost (adept HOSu)
 54651 | Snake:4  | Killed generaletaddeo's ghost
 54652 | Snake:4  | Reached XP level 18. HP: 93/93 MP: 29/29
 57053 | Snake:4  | Reached skill level 23 in Stealth
 57913 | Snake:1  | Bought a scroll of blinking for 127 gold pieces
 58428 | Snake:4  | Got a serpentine rune of Zot
 58787 | Vaults:1 | Entered Level 1 of the Vaults
 59480 | Vaults:1 | Reached skill level 24 in Stealth
 60222 | Vaults:1 | Found a runed translucent gate.
 60222 | Vaults:1 | Found a runed translucent gate.
 60222 | Vaults:1 | Found a runed translucent gate.
 60223 | Vaults:1 | Noticed Veteran's ghost (adept DECj)
 60235 | Vaults:1 | Identified the ring of Kuryxt {Fire rPois rCorr Str-2
                  | Int+4}
 61285 | Vaults:2 | Reached skill level 25 in Stealth
 62368 | Vaults:2 | Found a staircase to the Crypt.
 62442 | Vaults:2 | Noticed Boris
 62769 | Vaults:2 | Found Mineghu's Assorted Antiques.
 62774 | Vaults:2 | Bought a scroll of brand weapon for 680 gold pieces
 62774 | Vaults:2 | Bought an encrusted jade ring for 170 gold pieces
 63499 | Vaults:2 | Upgraded the game from 0.28-a0-751-gef3a642a4e to
                  | 0.28-a0-768-g8c92f1e708
 63604 | Vaults:1 | Reached XP level 19. HP: 54/98 MP: 13/30
 64575 | Vaults:2 | Reached skill level 26 in Stealth
 67644 | Vaults:3 | Reached skill level 27 in Stealth
 69188 | Vaults:3 | Noticed a dread lich
 69275 | Vaults:4 | Noticed a golden dragon
 70076 | Vaults:4 | Reached skill level 10 in Spellcasting
 70197 | Vaults:4 | Reached XP level 20. HP: 102/102 MP: 35/35
 70276 | Vaults:4 | Found Jopim's Antique Armour Boutique.
 71664 | Vaults:3 | Killed a dread lich
 73261 | Elf:1    | Entered Level 1 of the Elven Halls
 73261 | Elf:1    | Found a runed translucent gate.
 73261 | Elf:1    | Found a runed translucent gate.
 73261 | Elf:1    | Found a runed translucent gate.
 73261 | Elf:1    | Found a runed translucent gate.
 73261 | Elf:1    | Found a runed translucent gate.
 73261 | Elf:1    | Found a runed translucent gate.
 73263 | Elf:1    | Found a runed translucent door.
 73274 | Elf:1    | Found a runed translucent door.
 74493 | Elf:1    | Identified the +1 leather armour "Icsix" {Dex+6}
 76384 | Elf:1    | Found a runed translucent gate.
 76384 | Elf:1    | Found a runed translucent gate.
 76384 | Elf:1    | Found a runed translucent gate.
 76384 | Elf:1    | Found a runed translucent gate.
 76384 | Elf:1    | Found a runed translucent gate.
 76385 | Elf:1    | Found a runed translucent gate.
 76915 | Elf:1    | Found a runed translucent gate.
 76915 | Elf:1    | Found a runed translucent gate.
 76916 | Elf:1    | Found a runed translucent gate.
 77635 | Elf:2    | Found a runed translucent gate.
 77637 | Elf:2    | Found a runed translucent gate.
 77637 | Elf:2    | Found a runed translucent gate.
 77881 | Elf:2    | Learned a level 4 spell: Dispel Undead
 77942 | Elf:2    | Identified Roxanne's Guide on Shape Shifting
 77942 | Elf:2    | Noticed Roxanne
 77956 | Elf:2    | Killed Roxanne
 78310 | Elf:1    | Acquired the +2 buckler "Vuiss" {Rampage Int+6}
 78384 | Elf:2    | Learned a level 1 spell: Apportation
 78393 | Elf:2    | Learned a level 8 spell: Discord
 78584 | Elf:2    | Reached XP level 21. HP: 107/107 MP: 37/40
 78983 | Elf:3    | Entered Level 3 of the Elven Halls
 78998 | Elf:3    | Reached skill level 15 in Spellcasting
 79418 | Elf:3    | Found Jalinaeh's Book Boutique.
 79851 | Elf:3    | Reached skill level 1 in Translocations
 79930 | Elf:3    | Mangled by an Ice Fiend

Illustrated notes

Levels and vault maps discovered:
D:1:      dpeg_arrival_court, layout_loops_ring,
          hellmonk_ecumenical_altar_watching_god, dk_noncrumbling_2
D:2:      layout_loops_cross, uniq_crazy_yiuf_cottage
D:3:      minmay_skewed_foursquare, layout_loops_corners, hex_medium
D:4:      layout_basic, mainiacjoe_overflow_alcove_1
D:5:      layout_basic
D:6:      layout_layer_cave, cheibrodos_sewer_entry_drain,
          hangedman_feature_mirror
D:7:      layout_rooms, temple_fountains, uniq_pikel, uniq_maggie
D:8:      wad_river_or_something, layout_basic, ebering_dispersal_statue_hall,
          grunt_ministairs_6, minmay_guarded_unrand_variability
D:9:      layout_rooms, hiddenorc2_lemuel, serial_shops, nicolae_diamond_shop
D:10:     layout_basic, serial_shops, nicolae_shop_waterfront
D:11:     layout_cross, erik_lair_island, nicolae_trove_entry_isolated
D:12:     layout_loops_ring, portal_ice_cave_entry_pillars_1
D:13:     layout_roguey, serial_curves, eino_curves_02, eino_curves_03
D:14:     layout_small_grid, david_vaults_2, hangedman_glass_teeth,
          minmay_crystal_room, zin_purify
D:15:     grunt_enter_depths_giant_problem, layout_cave_pods, serial_shops,
          nicolae_diamond_shop, grunt_decor_junction, uniq_azrael
Temple:   kilobyte_greek_temple
Lair:1:   layout_cave_pods, serial_bayou_shore_b
Lair:2:   layout_loops_ring
Lair:3:   layout_roguey, dummy_snake_entry
Lair:4:   layout_roguey, minmay_swamp_entry_worms, grunt_megastairs_1,
          lemuel_fruit_tree, serial_bayou_shore_a, uniq_nergalle
Lair:5:   layout_regular_city, gammafunk_ghost_arena, disabler_island,
          serial_bayou_shore_b
Lair:6:   evilmike_catoblepas_cave, layout_regular_city,
          minmay_slime_entry_eyes, hellmonk_ghost_happy_afterlife,
          grunt_forest_large_clearing_hut
Swamp:1:  layout_basic_swamp, nicolae_swamp_dense_foliage, uniq_nikola
Swamp:2:  layout_basic_swamp, evilmike_swamp_ruin_house_5, uniq_kirke
Swamp:3:  layout_basic_swamp, evilmike_swamp_ruin_rubble_2
Swamp:4:  swamp, layout_basic_swamp, swamp_pool2, infiniplex_staircase_pool,
          uniq_louise, uniq_donald
Snake:1:  layout_rooms, serial_shops, shop_scrolls, grunt_megastairs_5,
          serial_bayou_shore_b, uniq_aizul
Snake:2:  layout_misc_corridors, drop_trap, grunt_ministairs_8,
          serial_bayou_shore_b
Snake:3:  cheibrodos_snake_ritualist_ritual, layout_rooms
Snake:4:  snake_pit_salamanders_mu, layout_cave_town, ebering_ghost_rock_garden,
          grunt_ministairs_6, hangedman_snake_corridor_cut
Orc:1:    layout_caves, kennysheep_orc_sif_temple
Orc:2:    st_orc_town, layout_caves, nicolae_shop_clearance
Elf:1:    nicolae_elf_arrival_dilemma, layout_gridlike, orc_legates,
          hangedman_elven_ridges, nicolae_elf_w_pinch,
          nicolae_elf_free_trip_to_the_abyss
Elf:2:    nicolae_elf_blades_crystal_corner, layout_geoelf_octagon,
          hangedman_elf_represent, uniq_roxanne
Elf:3:    minmay_elf_hall_hex, layout_loops_ring, serial_shops,
          nicolae_lakefront_shop, st_stairs_11, serial_sigils_hangedman_scar
Vaults:1: biasface_ghost_orc_armoury, nicolae_vaults_rhombus_5,
          hangedman_vaults_impose, hangedman_vaults_slice,
          nicolae_vaults_alarming, vaults_room_hallway, v_pattern_5,
          vaults_room_stairs_pillars, nicolae_vaults_ring_of_whatevers,
          vaults_room_hallway, nicolae_vaults_yaktaur_gun_rack,
          layout_vaults_omnigrid
Vaults:2: minmay_crypt_entry_simple_corners, vaults_dpeg_ring, v_alt_pattern_5,
          nicolae_vaults_network_quinsquares
          [nicolae_vaults_network_quincunx_subvault,
          nicolae_vaults_network_quincunx_subvault,
          nicolae_vaults_network_quincunx_subvault,
          nicolae_vaults_network_quincunx_subvault], v_misc_25,
          nicolae_vaults_network_barrier, nicolae_vaults_specimen_jars,
          hangedman_vaults_corner, nicolae_vaults_statue_guard,
          layout_vaults_omnicross, serial_shops, nicolae_shop_crystal,
          uniq_margery, uniq_boris
Vaults:3: nicolae_vaults_little_squares_5, v_pattern_4, st_greater_box_3,
          ontoclasm_vaults_twist, nicolae_vaults_theta,
          ontoclasm_vaults_ring_large, ontoclasm_vaults_claustrophobia,
          vaults_room_stairs_pillars, vaults_room_door_ring,
          layout_vaults_chaotic_city
Vaults:4: grunt_vaults_focal, vaults_room_boxed,
          ontoclasm_vaults_loading_screen, nicolae_vaults_asterisk,
          hangedman_vaults_variations, vaults_room_grid, hangedman_vaults_locks,
          v_misc_18, vaults_dpeg_hooks, v_pattern_2, vaults_dpeg_diagonal,
          vaults_room_pool, hangedman_vaults_capsules,
          nicolae_vaults_an_arrangement, vaults_room_fancy_cross,
          vaults_room_mumra_shop_pool, v_misc_13, layout_vaults_maze

Skill      XL: |  1  2  3  4  5  6  7  8  9 10 11 12 13 14 15 16 17 18 19 20 21 |
---------------+----------------------------------------------------------------+-----
Stealth        | 5 6 7 8 9 11 12 13 15 17 19 20 22 25 27 | 27.0
Short Blades   | 2 3 4 5 6 7 8 10 | 10.0
Spellcasting   | 4 6 10 14 15 | 15.0
Hexes          | 5 8 10 11 13 15 | 15.0
Dodging        | 3 7 9 10 12 13 15 16 18 21 23 25 26 | 26.3
Fighting       | 1 4 6 8 9 10 | 10.0
Shields        | 3 5 7 8 9 |  9.2
Invocations    | 4 7 9 11 12 13 14 | 14.0
Translocations | 1 |  1.6

Action                   |  1- 3 |  4- 6 |  7- 9 | 10-12 | 13-15 | 16-18 | 19-21 || total
-------------------------+-------+-------+-------+-------+-------+-------+-------++-------
Melee: Dagger            |   121 |    71 |   251 |   756 |  1107 |   952 |  1062 ||  4320
       Quick blade       |       |       |       |       |       |   829 |   307 ||  1136
Throw: Stone             |       |       |       |     2 |    21 |    51 |    17 ||    91
 Cast: Ensorcelled Hiber |    19 |    43 |    48 |   240 |   262 |   169 |    42 ||   823
       Confusing Touch   |       |       |    14 |    24 |    40 |   185 |    88 ||   351
       Tukima's Dance    |       |       |     1 |    10 |    14 |    59 |    18 ||   102
       Invisibility      |       |       |       |       |     5 |     5 |    26 ||    36
       Dazzling Flash    |       |       |       |       |       |     5 |       ||     5
Invok: Shadow Step       |       |       |       |       |     5 |     1 |     2 ||     8
       Shadow Form       |       |       |       |       |       |       |     2 ||     2
Evoke: Wand              |       |       |       |       |    31 |    10 |    10 ||    51
  Use: Scroll            |       |       |    21 |     4 |    17 |     8 |    10 ||    60
       Potion            |       |       |       |       |       |     3 |     5 ||     8
 Stab: Sleeping          |    15 |    32 |    45 |   140 |   198 |   204 |   150 ||   784
       Confused          |       |       |    19 |    26 |    39 |   189 |    76 ||   349
       Distracted        |       |       |       |     2 |     7 |     4 |     7 ||    20
       Invisible         |       |       |       |       |    51 |    25 |    92 ||   168
Armor: Robe              |    18 |     9 |    12 |       |       |       |       ||    39
       Steam dragon scal |       |       |     4 |    45 |    75 |   122 |    72 ||   318
Dodge: Dodged            |   102 |    45 |   135 |   462 |   643 |  1046 |   591 ||  3024
Block: Buckler           |       |       |    22 |   360 |   380 |   613 |   332 ||  1707

Table legend: (Time is in decaauts)
 A = Elapsed time spent in this place.
 B = Non-inter-level travel time spent in this place.
 C = Inter-level travel time spent in this place.
 D = Time resting spent in this place.
 E = Time spent auto-exploring this place.
 F = Levels seen in this place.
 G = Mean time per level.
                   A        B        C        D        E       F      G
               +--------+--------+--------+--------+--------+-----+--------+
         Total |  61194 |  57973 |   3221 |   4141 |  41860 |  40 | 1529.8 |
       Dungeon |  17527 |  16451 |   1076 |    373 |  13035 |  15 | 1168.5 |
        Temple |    162 |    125 |     37 |      0 |    120 |   1 |  162.0 |
          Lair |   7791 |   7271 |    520 |    791 |   5267 |   6 | 1298.5 |
         Swamp |   8064 |   7683 |    381 |    499 |   5688 |   4 | 2016.0 |
     Snake Pit |   9801 |   9302 |    499 |    222 |   6922 |   4 | 2450.2 |
  Orcish Mines |   2070 |   2001 |     69 |    126 |   1399 |   2 | 1035.0 |
   Elven Halls |   4564 |   4455 |    109 |    748 |   2409 |   3 | 1521.3 |
        Vaults |  10733 |  10206 |    527 |   1381 |   6734 |   4 | 2683.2 |
         Sewer |    479 |    479 |      0 |      0 |    283 |   1 |  479.0 |
               +--------+--------+--------+--------+--------+-----+--------+

Top non-repeatable levels by time:
Vaults:3: 4668 daAuts
 Snake:4: 4046 daAuts
   Elf:1: 2746 daAuts
Vaults:1: 2682 daAuts
 Swamp:3: 2542 daAuts
 Swamp:1: 2358 daAuts
Vaults:2: 2230 daAuts
 Snake:3: 2202 daAuts
 Swamp:2: 2110 daAuts
  Lair:3: 2096 daAuts
 Snake:1: 2045 daAuts
     D:8: 1578 daAuts
     D:1: 1512 daAuts
 Snake:2: 1507 daAuts
  Lair:4: 1507 daAuts
